 Dungeon Crawl Stone Soup version 0.30.1-1-g62c8e00024 (webtiles) character file.

Game seed: 5965983909499525583

1329 cheesebisquit the Carver (level 8, 0/57 HPs)
             Began as a Barachi Warper on July 16, 2023.
             Was an Initiate of Cheibriados.
             Slain by an ogre
             ... wielding a +0 giant spiked club
              (24 damage)
             ... on level 5 of the Dungeon on July 17, 2023.
             The game lasted 00:20:53 (4809 turns).

cheesebisquit the Carver (Barachi Warper)           Turns: 4809, Time: 00:20:53

Health: 0/57       AC: 10    Str: 13    XL:     8   Next: 60%
Magic:  11/11      EV:  7    Int: 14    God:    Cheibriados [......]
Gold:   189        SH:  0    Dex: 16    Spells: 0/11 levels left

rFire   . . .        a - +1 falchion (spect)
rCold   + . .        (no shield)
rNeg    . . .        k - +0 chain mail
rPois   .            (no helmet)
rElec   .            t - +1 cloak
rCorr   .            (no gloves)
SInv    .            (no boots)
Will    .....        m - amulet of the acrobat Stlth
                     s - ring of protection from cold
HPRegen 0.29/turn    (no ring)
MPRegen 0.12/turn

%: acrobat
@: very slow
A: amphibious, slowness 1, strong legs 1, +LOS
a: Hop, Renounce Religion


You were on level 5 of the Dungeon.
You worshipped Cheibriados.
Cheibriados was noncommittal.
You visited 2 branches of the dungeon, and saw 6 of its levels.

You collected 209 gold pieces.
You spent 20 gold pieces at shops.

Inventory:

Hand Weapons
 a - a +1 spectral falchion (weapon)
 u - a +0 halberd
Missiles
 l - 7 curare-tipped darts
 p - 4 poisoned darts
 v - 6 boomerangs (quivered)
Armour
 k - a +0 chain mail (worn)
 t - a +1 cloak (worn)
Jewellery
 m - an amulet of the acrobat (around neck)
 o - a ring of fire
 s - a ring of protection from cold (left hand)
Wands
 x - a wand of flame (13)
 B - a wand of roots (4)
Scrolls
 c - 2 scrolls of blinking
 e - a scroll of immolation
 n - a scroll of fog {unknown}
 r - a scroll of torment
 w - a scroll of fear {unknown}
 y - a scroll of enchant armour {unknown}
 z - a scroll of noise {unknown}
 A - a scroll of magic mapping
Potions
 b - 2 potions of resistance
 f - a potion of heal wounds {unknown}
 g - a potion of lignification
 h - 2 potions of brilliance
 i - 2 potions of ambrosia
 q - 2 potions of curing
 D - a potion of berserk rage {unknown}
 E - a potion of mutation {unknown}


   Skills:
 - Level 2.4 Fighting
 + Level 12.3 Long Blades
 - Level 1.0 Throwing
 - Level 1.2 Armour
 - Level 2.1 Dodging
 - Level 2.1 Spellcasting
 - Level 3.2 Translocations


You couldn't memorise any spells.
You knew the following spells:

 Your Spells              Type           Power      Damage    Failure   Level
a - Blink                 Tloc           20%        N/A       89%         2
b - Lesser Beckoning      Tloc           20%        N/A       89%         2
c - Vhi's Electric Charg  Tloc/Air       12%        N/A       100%        3
d - Manifold Assault      Tloc           10%        N/A       100%        4

Your spell library contained the following spells:

 Spells                   Type           Power      Damage    Failure   Level
 Gell's Gravitas          Tloc           10%        N/A       98%         3
 Teleport Other           Tloc           10%        N/A       98%         3
 Ignite Poison            Fire/Tmut/Pois 1%         N/A       100%        3
 Ozocubu's Armour         Ice            1%         N/A       100%        3
 Sticky Flame             Conj/Fire      1%         2d3       100%        4
 Metabolic Englaciation   Hex/Ice        0%         N/A       100%        5
 Dispersal                Tloc           5%         N/A       100%        6
 Simulacrum               Ice/Necr       0%         N/A       100%        6
 Borgnjor's Revivificati  Necr           0%         N/A       100%        8
 Ignition                 Fire           0%         3d3       100%        8
 Necromutation            Tmut/Necr      0%         N/A       100%        8
 Death's Door             Necr           0%         N/A       100%        9


Dungeon Overview and Level Annotations

Branches:
Dungeon (5/15)             Temple (1/1) D:5

Altars:
Ashenzari
Cheibriados
Dithmenos
Elyvilon
Fedhas
Gozag
Kikubaaqudgha
Makhleb
Nemelex Xobeh
Okawaru
Qazlal
Ru
Sif Muna
Trog
Uskayaw
Vehumet
Wu Jian
Xom
Yredelemnul
Zin
The Shining One

Shops:
D:3 ?


Innate Abilities, Weirdness & Mutations

You are amphibious.
You cover ground slowly.
You can hop short distances.
You have an extended range of vision and can be seen from far away.


Message History

You slash Ijyb!
Ijyb is almost dead.
Ijyb hits you but does no damage.
You hit Ijyb.
Ijyb is almost dead.
Ijyb barely misses you.
You hit Ijyb but do no damage.
Ijyb is almost dead.
You closely miss Ijyb.
Ijyb is almost dead.
Ijyb closely misses you.
You hit Ijyb but do no damage.
Ijyb is almost dead.
Ijyb closely misses you.
You hit Ijyb.
Ijyb is almost dead.
You hit Ijyb.
You kill Ijyb!
Cheibriados appreciates the change of pace.
You slash the ogre!
The ogre is moderately wounded.
The ogre closely misses you.
You hit the ogre.
The ogre is heavily wounded.
You hit the ogre.
The ogre is heavily wounded.
The ogre hits you with a +0 giant spiked club!!
You barely miss the ogre.
The ogre is heavily wounded.
You completely miss the ogre.
The ogre is heavily wounded.
You closely miss the ogre.
The ogre is heavily wounded.
The ogre closely misses you.
You barely miss the ogre.
The ogre is heavily wounded.
You slash the ogre!
The ogre is severely wounded.
The ogre hits you with a +0 giant spiked club!!
You die...

*,,,,,,,** *,,,,,,,*
*,,,,,,** *,,,,,,**
*,,,,,,,**
**,,....,,*** ###
*,,....,,,,,***
#.####.....#,,,,,,,*
##.#@O.....#****,,,,,
#...#####..# **,,,,
#.....###..## **,,.
###.........## #...
##.........## #...
###........####...
##.........#....
###..............
###................


You could see an ogre.

Vanquished Creatures
  4 ogres
  4 phantoms
  4 scorpions
  4 hounds
  A gnoll bouda (D:5)
  Ijyb (D:5)
  2 orc wizards (D:4)
  7 adders
  6 gnolls
  3 worms
  3 dart slugs
  13 orcs
  5 endoplasms
  A giant cockroach (D:2)
  8 goblins
  11 hobgoblins
  4 jackals (D:1)
  8 quokkas
  8 ball pythons
  5 bats
  5 frilled lizards
  5 kobolds
  8 rats
120 creatures vanquished.

Notes
Turn   | Place    | Note
-------+----------+-------------------------------------------
     0 | D:1      | cheesebisquit the Barachi Warper began the quest for the
                  | Orb.
     0 | D:1      | Reached XP level 1. HP: 17/17 MP: 3/3
   189 | D:1      | Reached skill level 3 in Long Blades
   250 | D:1      | Reached XP level 2. HP: 20/23 MP: 5/5
   613 | D:1      | Reached skill level 4 in Long Blades
   768 | D:2      | Reached XP level 3. HP: 23/28 MP: 6/6
  1084 | D:2      | Reached skill level 5 in Long Blades
  1095 | D:2      | Reached XP level 4. HP: 29/34 MP: 7/7
  1546 | D:3      | Found Qazehese's Magic Scroll Boutique.
  1552 | D:3      | Bought a scroll of identify for 20 gold pieces
  1718 | D:3      | Found a faded altar of an unknown god.
  1786 | D:3      | Reached skill level 6 in Long Blades
  1948 | D:3      | Reached XP level 5. HP: 38/39 MP: 8/8
  2297 | D:4      | Noticed an ogre
  2552 | D:4      | Killed an ogre
  2553 | D:4      | Reached skill level 7 in Long Blades
  2553 | D:4      | Reached XP level 6. HP: 46/46 MP: 9/9
  2823 | D:4      | Reached skill level 8 in Long Blades
  2976 | D:4      | Reached skill level 9 in Long Blades
  2976 | D:4      | Reached XP level 7. HP: 43/51 MP: 10/10
  3003 | D:4      | Found an iron altar of Okawaru.
  3423 | D:4      | Found a bloodstained altar of Trog.
  3725 | D:4      | Found a basalt altar of Yredelemnul.
  3725 | D:4      | Found a sacrificial altar of Ru.
  3730 | D:4      | Found a sparkling altar of Nemelex Xobeh.
  3730 | D:4      | Found a shimmering altar of Xom.
  3825 | D:5      | Entered Level 5 of the Dungeon
  3858 | D:5      | Reached skill level 10 in Long Blades
  3952 | D:5      | Reached XP level 8. HP: 33/57 MP: 11/11
  3956 | D:5      | Reached skill level 11 in Long Blades
  4209 | D:5      | Noticed Ijyb
  4432 | D:5      | Found a staircase to the Ecumenical Temple.
  4437 | Temple   | Entered the Ecumenical Temple
  4532 | Temple   | Became a worshipper of Cheibriados the Contemplative
  4689 | D:5      | Reached skill level 12 in Long Blades
  4719 | D:5      | Learned a level 2 spell: Blink
  4722 | D:5      | Learned a level 2 spell: Lesser Beckoning
  4738 | D:5      | Learned a level 3 spell: Vhi's Electric Charge
  4755 | D:5      | Learned a level 4 spell: Manifold Assault
  4801 | D:5      | Killed Ijyb
  4809 | D:5      | Slain by an ogre

Illustrated notes

Levels and vault maps discovered:
D:1:      onia_arrival_handbag, layout_basic, minmay_cupped
D:2:      layout_rooms
D:3:      minmay_chambers_of_threes, layout_basic, serial_shops,
          nicolae_shop_getting_attention, basic_ecumenical_altar, minmay_cut_off
D:4:      layout_layer_cave, okawaru_trees_1, mainiacjoe_overflow_alcove_3,
          trog_butcher_becter, moated_statue
D:5:      layout_layer_cave, worldfamousw_hep_ancestral_shrine,
          minmay_temple_entry_glassed_door, uniq_ijyb
Temple:   nicolae_temple_superstar

Skill      XL: |  1  2  3  4  5  6  7  8 |
---------------+-------------------------+-----
Long Blades    | 3 4 5 6 7 9 10 12 | 12.3
Fighting       | |  2.4
Throwing       | |  1.0
Armour         | |  1.2
Dodging        | |  2.1
Spellcasting   | |  2.1
Translocations | |  3.2

Action                     |  1- 3 |  4- 6 |  7- 9 || total
---------------------------+-------+-------+-------++-------
  Melee: Falchion          |   142 |   179 |   166 ||   487
         Punch             |       |       |     2 ||     2
  Throw: Dart              |       |    31 |     4 ||    35
         Boomerang         |       |     7 |    67 ||    74
    Use: Scroll            |       |    11 |     2 ||    13
         Potion            |       |     1 |     2 ||     3
   Stab: Distracted        |       |       |     2 ||     2
 Armour: Ring mail         |     2 |       |       ||     2
         Chain mail        |    82 |    74 |    75 ||   231
  Dodge: Dodged            |    61 |    73 |    35 ||   169
